Drenne, lawful female human Knight --- ------------------ ## # --- |.|---|................| -..-.--.-.-|.-- --|.|...|................| |......|......|# ---.|.|...-..--|--.........| |......|...|... * * |.....|...|..|...|..-----..| |..|.|-..|....| -.- -.|.|.-----..|...|--- |..--+--.|..........----.-- ..|.|........|...| +.............-.-.-.......-- --|.|........|---| |......-.+..G............>.| |.|.----...|(](|+------..{......|.@.-...|......--. |.|.| +...|(((|.............|..|...|...|..|....# |.|.| |...|...--+-.....---|-------------.-|.-- |.|.----...--|-- |..-+-|..................|.| |.|...|........| |..| |----....---------.|.| |.|...|..#.....----..| |%!.-....|......||.|.| |.|...|-....{........| |%..|....-...._.||.|.- |<|...--..|....#..%..--------....|......||.|. |.|.......|-.......%.............----------|. |....---------------.-----...--.......- |. --...| |..| ---...........| |. ---.| ---- -----.|.----- --- --- ----- Drenne the Esquire Experience level: 4 Strength: 15 Dexterity: 9 Constitution: 13 Intelligence: 7 Wisdom: 14 Charisma: 17 Health: 0(34) Energy: 21(21) Def: 7 Gold: 186 Moves: 730 Dungeon seed: NnsiT_eBWHMi-mSy Game ID: Drenne_1500140606 Your Inventory: Coins $ - 186 gold pieces Weapons a - a +1 long sword (alternate weapon; not wielded) b - a +1 lance j - 8 +0 arrows k - a +1 bow m - 3 cursed -1 daggers p - a cursed +0 crossbow s - 4 +0 crossbow bolts Armor e - an uncursed +1 ring mail (being worn) n - an uncursed +0 helmet (being worn) q - an uncursed +0 small shield (being worn) r - an uncursed +0 pair of leather gloves (being worn) Comestibles c - 12 uncursed apples d - 12 uncursed carrots g - an uncursed tin of kobold meat Potions f - an uncursed potion of monster detection Tools l - 6 uncursed wax candles (0:400) o - 5 uncursed tallow candles (0:200) t - 2 blessed tallow candles (0:200) Boulders/Statues y - an uncursed statue of a grid bug Spells and supernatural/magical abilities: Name Level Category Fail Memory W - pray for help -- divine ? -- X - turn undead -- divine ? -- Y - supernatural jump -- ability ? -- Your skills at the end: Fighting Skills riding [Basic] Weapon Skills long sword [Basic] lance [Basic] Spellcasting Skills Final Attributes: You were piously aligned. You could jump. You are dead. Vanquished creatures: a gnome king a pony a gnome lord 11 gnomes a sewer rat 3 lichens 3 newts 21 creatures vanquished. Voluntary challenges: You were an atheist. You used a wielded weapon 21 times, starting on turn 115. You were illiterate. You never genocided any monsters. You never polymorphed an object. You never changed form. You used no wishes. You never split a pudding. You never wrote Elbereth's name. You never violated your personal moral code. Dungeon overview: The Dungeons of Doom: levels 1 to 2 Level 1 a long staircase Level 2 stairs to The Gnomish Mines The Gnomish Mines: levels 3 to 5 Level 3 stairs to The Dungeons of Doom Level 4 Level 5 <- You were here some shops, a temple to Brigit, some fountains, some trees History has recorded: On T:1 you entered the Dungeons of Doom to retrieve the Amulet of Yendor! On T:216 you reached level 2 of The Dungeons of Doom. On T:363 you reached level 1 of The Gnomish Mines. On T:371 you advanced to experience level 2. On T:374 you advanced to experience level 3. On T:391 you reached level 2 of The Gnomish Mines. On T:411 you reached level 3 of The Gnomish Mines. On T:450 you advanced to experience level 4. Score breakdown: Gold: 186 ( 7728 points) Experience: 4 levels ( 9649 points) Exploration: 5 levels ( 10.64%) ( 8846 points) Discoveries: 0 items ( 0.00%) ( 0 points) Valuables value: (no points given unless you survive) Artifact value: 0 ( 0 points) Variety of kills: 7 monsters ( 1.84%) ( 4066 points) Turncount: 730 turns ( 0 points) Survival: died (score multiplied by 80%) Total score: 24231 Latest messages: The door opens. This door is locked. You can't lead huey through that closed door. (2x) The door resists! The door opens. The gnome lord thrusts his dagger. The gnome lord hits! You hit the gnome lord. You miss the gnome lord. You hit the gnome lord. The gnome lord thrusts his dagger at huey. The gnome lord hits huey. Huey is killed! Your movements are slowed slightly because of your load. You hit the gnome lord. The gnome lord thrusts his dagger. The gnome lord hits! You miss the gnome lord. The gnome lord thrusts his dagger. The gnome lord hits! You die... The statue of a grid bug is empty. Final status: Fare thee well Drenne the Knight, killed by a gnome lord... You died in The Gnomish Mines on dungeon level 5 with 24231 points, and 186 pieces of gold, after 730 moves. You were level 4 with a maximum of 34 hit points when you died.